 Dungeon Crawl Stone Soup version 0.26-a0-638-gcca6ad1b57 (webtiles) character file.

Game seed: 9172712650574001290

50 Kaptain the Digger (level 3, 19/33 HPs)
             Began as an Ogre Earth Elementalist on Sept 14, 2020.
             Got out of the dungeon alive.
             The game lasted 00:03:57 (1139 turns).

Kaptain the Digger (Ogre Earth Elementalist)        Turns: 1139, Time: 00:03:57

Health: 19/33      AC:  3    Str: 12    XL:     3   Next: 79%
Magic:  7/7        EV: 10    Int: 17    God:
Gold:   60         SH:  0    Dex:  9    Spells: 7/8 levels left

rFire    . . .     SeeInvis .   e - +0 mace
rCold    . . .     Faith    .   (no shield)
rNeg     . . .     Spirit   .   c - +0 robe
rPois    .         Reflect  .   (helmet restricted)
rElec    .         Harm     .   (no cloak)
rCorr    .         Rampage  .   (gloves unavailable)
MR       .....                  (boots unavailable)
Stlth    +.........             (no amulet)
HPRegen  0.11/turn              (no ring)
MPRegen  0.10/turn              (no ring)

@: no status effects
A: large, unfitting armour, tough skin 1
a: no special abilities


You escaped.
You visited 1 branch of the dungeon, and saw 2 of its levels.

You collected 60 gold pieces.

Inventory:

Hand Weapons
 e - a +0 mace (weapon)
 h - a +0 short sword
 m - a +0 long sword
Missiles
 a - 5 large rocks
 b - 92 stones (quivered)
Armour
 c - a +0 robe (worn)
Scrolls
 d - 2 scrolls of blinking {unknown}
 f - a scroll of magic mapping {unknown}
 g - a scroll of teleportation {unknown}
 k - a scroll of remove curse {unknown}
 l - a scroll of enchant weapon {unknown}
 o - a scroll of identify {unknown}
 p - a scroll of enchant armour {unknown}
Potions
 i - a potion of brilliance {unknown}
 j - a potion of heal wounds {unknown}
 n - 2 potions of might {unknown}


   Skills:
 + Level 1.3 Fighting
 - Level 1.9 Dodging
 - Level 1.4 Stealth
 * Level 3.3 Spellcasting
   Level 0.8 Transmutations
 * Level 3.4 Earth Magic


You had 7 spell levels left.
You knew the following spells:

 Your Spells              Type           Power        Failure   Level
a - Sandblast             Erth           ##....       4%          1

Your spell library contained the following spells:

 Spells                   Type           Power        Failure   Level
 Passwall                 Tmut/Erth      ##......     11%         2
 Stone Arrow              Conj/Erth      #.....       26%         3
 Petrify                  Tmut/Erth      ##......     56%         4
 Lee's Rapid Deconstruct  Erth           ##........   75%         5


Dungeon Overview and Level Annotations

Branches:
Dungeon (2/15)

Altars:


Innate Abilities, Weirdness & Mutations

You are too large for most types of armour.
You have tough skin. (AC +1)


Message History

Found a scale mail.
o - a scroll labeled WAALAIZXARO You see here a short sword.
p - a scroll labeled KITOIC TUMAR You now have 60 gold pieces (gained 11).
(D) Dungeon
Where to? (Enter - D:1 @ (x,y), ? - help)
What level of the Dungeon? (default 1, ? - help)
You see here a leopard gecko corpse.
You see here a ball python corpse.
There is a stone staircase leading up here.
You climb upwards.
There is a stone staircase leading down here.
There is an open door here.
There is an open door here.
You see here a robe.
Magic restored.
There is a staircase leading out of the dungeon here.
Are you sure you want to leave the Dungeon?
This will make you lose the game!
You have escaped!

....# #### ###.# # ....#
#..## ##...# # ....# #...#
######### #....# # ....#
#...###...8...###....# #
##'####...##..8...8..##....#
#
..........#8.........8#...##
#
....[........8.....8......#
#
..........#8.........8#...#
##'####...##..8.@.8..##...#
#....#...###...8...###...#
####.....# ######### #...#
#)...## ##..# #.#### #### ##
#####.# #. ......# #.
.###### #. .# #(


There were no monsters in sight!

Vanquished Creatures
  An adder (D:2)
  An ooze (D:1)
  A worm (D:2)
  2 leopard geckos
  A ball python (D:2)
  2 giant cockroaches (D:1)
  6 goblins
  2 hobgoblins (D:1)
  6 kobolds (D:1)
  4 bats (D:1)
  4 rats
30 creatures vanquished.

Notes
Turn   | Place    | Note
-------+----------+-------------------------------------------
     0 | D:1      | Kaptain the Ogre Earth Elementalist began the quest for the
                  | Orb.
     0 | D:1      | Reached XP level 1. HP: 16/16 MP: 3/3
    56 | D:1      | Reached XP level 2. HP: 24/24 MP: 0/5
   650 | D:1      | Reached XP level 3. HP: 23/32 MP: 0/7
   790 | D:1      | Reached skill level 1 in Fighting
  1139 | D:$      | Got out of the dungeon alive.

Illustrated notes

Levels and vault maps discovered:
D:1:      erik_arrival_orb_chamber, layout_basic, minmay_close_crescents
D:2:      minmay_skewed_foursquare, layout_basic, minmay_circle_x, uniq_robin

Skill      XL: |  1  2  3 |
---------------+----------+-----
Earth Magic    | 3 |  3.4
Spellcasting   | 3 |  3.3
Fighting       | 1 |  1.3
Dodging        | |  1.9
Stealth        | |  1.4
Transmutations | |  0.8

Action                   || total
-------------------------++-------
Melee: Mace              ||    18
 Cast: Sandblast         ||    44
Armor: Robe              ||    14
Dodge: Dodged            ||    21

Table legend: (Time is in decaauts)
 A = Elapsed time spent in this place.
 B = Non-inter-level travel time spent in this place.
 C = Inter-level travel time spent in this place.
 D = Time resting spent in this place.
 E = Time spent auto-exploring this place.
 F = Levels seen in this place.
 G = Mean time per level.
                   A        B        C        D        E       F      G
               +--------+--------+--------+--------+--------+-----+--------+
         Total |   1145 |   1076 |     69 |    210 |    648 |   2 |  572.5 |
       Dungeon |   1145 |   1076 |     69 |    210 |    648 |   2 |  572.5 |
               +--------+--------+--------+--------+--------+-----+--------+

Top non-repeatable levels by time:
     D:1: 1002 daAuts
     D:2: 143 daAuts
